Map: Thunderbird LE

Players

souL - Winner!

  • Race: Terran Terran
  • Spawn Location: 11:00

Bly

  • Race: Zerg Zerg
  • Spawn Location: 5:00

Event: 2019 WCS Summer

VOD

Have the link to the VOD?

Description

Time

  • Played on: July 12, 2019, 12:12 p.m.
  • Length: 12:46

All games in this series

Show
View Real Time Build Order
Export as new Build Order

souL Terran - Winner!

Build Orders: Gas First Reaper Expand, Liberator Opening 

Get SALT Encoding   

  12  0:01  SCV  
  13  0:13  SCV  
  14  0:17  Supply Depot  
  14  0:25  SCV  
  15  0:29  Refinery  
  15  0:39  SCV  
  16  0:44  Barracks  
  16  0:51  SCV  
  17  1:03  SCV  
  18  1:15  SCV  
  19  1:31  Orbital Command, Reaper  
  20  1:46  Command Center  
  20  1:54  Factory  
  20  1:58  SCV  
  21  2:07  Barracks Reactor  
  21  2:10  SCV  
  21  2:14  Supply Depot  
  22  2:16  Refinery  
  23  2:23  Bunker  
  23  2:29  SCV  
  23  2:47  Starport  
  23  2:49  Hellion x2  
  27  2:52  SCV  
  27  2:59  Orbital Command  
  27  3:04  Barracks Tech Lab  
  26  3:15  Hellion  
  26  3:16  Hellion  
  30  3:20  SCV  
  30  3:26  SCV  
  31  3:30  Viking  
  33  3:35  SCV  
  33  3:38  SCV  
  35  3:46  Liberator  
  35  3:47  SCV  
  35  3:48  Siege Tank, Marine  
  39  3:50  Marine, SCV  
  39  3:55  Supply Depot  
  42  3:59  SCV  
  48  4:17  SCV x2  
  48  4:23  Supply Depot  
  48  4:27  Stimpack, Marine  
  48  4:29  SCV x2  
  48  4:30  Factory Reactor  
  51  4:38  Barracks  
  51  4:39  Supply Depot  
  51  4:41  SCV  
  51  4:44  SCV  
  53  4:45  Barracks  
  53  4:50  Starport Reactor  
  53  4:51  Marine  
  54  4:53  SCV  
  54  4:56  SCV  
  56  5:01  Engineering Bay  
  56  5:04  Engineering Bay  
  56  5:05  SCV  
  57  5:08  SCV  
  57  5:11  Supply Depot  
  58  5:17  SCV  
  58  5:21  SCV  
  60  5:23  Bunker  
  60  5:25  Factory Tech Lab  
  60  5:28  Marine x2  
  60  5:29  SCV  
  60  5:30  Marine  
  60  5:33  SCV  
  65  5:36  Bunker  
  65  5:41  Missile Turret, SCV  
  64  5:43  Marine, Missile Turret  
  64  5:45  SCV  
  64  5:46  Marine x2  
  64  5:47  Marine  
  64  5:48  Marine  
  64  5:49  Medivac x2  
  68  6:01  Marine  
  68  6:02  Terran Infantry Weapons Level 1, Terran Infantry Armor Level 1  
  69  6:04  Marine  
  69  6:08  Missile Turret  
  69  6:10  Command Center  
  67  6:14  Supply Depot  
  67  6:16  Refinery  
  67  6:19  Marine x2, Refinery  
  67  6:22  Medivac  
  67  6:23  Marine  
  72  6:28  Marine, SCV  
  72  6:32  Combat Shield, Marine  
  73  6:36  Marine  
  73  6:37  Marine  
  73  6:39  SCV  
  75  6:41  Marine, SCV  
  75  6:46  Marine  
  77  6:50  Marine  
  78  6:54  Siege Tank, Marine  
  78  6:55  Marine  
  78  6:59  Marine, Supply Depot  
  78  7:00  Supply Depot x2  
  84  7:03  Marine  
  84  7:07  Marine  
  86  7:16  Marine  
  86  7:20  Marine x2, SCV, Medivac x2  
  86  7:21  Marine  
  93  7:25  Marine  
  86  7:34  Marine  
  83  7:38  Marine x2  
  83  7:39  Marine, SCV  
  83  7:43  Marine  
  82  7:45  Orbital Command  
  82  7:46  SCV  
  82  7:50  Medivac x2  
  87  7:52  Marine  
  87  7:53  Armory  
  87  7:55  Barracks  
  87  7:56  Marine x2  
  87  7:57  Marine  
  91  7:59  Siege Tank  
  91  8:01  Marine  
  95  8:06  SCV  
  95  8:08  SCV  
  95  8:09  Marine  
  98  8:14  Orbital Command, Marine x2  
  98  8:15  Marine, Missile Turret  
  98  8:18  SCV  
  98  8:19  Marine  
  103  8:21  Barracks, SCV  
  102  8:27  Marine  
  102  8:30  SCV  
  102  8:31  Marine x2  
  102  8:33  Marine, SCV  
  108  8:38  Missile Turret  
  108  8:39  Siege Tank  
  116  8:42  SCV  
  116  8:45  SCV  
  116  8:47  Barracks Reactor, SCV  
  117  8:54  SCV  
  118  8:56  Marine  
  118  9:01  Refinery  
  118  9:02  Marine, Command Center  
  118  9:03  Marine x3  
  118  9:04  Refinery  
  118  9:06  Terran Infantry Weapons Level 2, Terran Infantry Armor Level 2  
  118  9:08  SCV  
  118  9:11  SCV  
  118  9:14  Marine  
  118  9:16  Siege Tank  
  123  9:19  Marine  
  123  9:20  Marine  
  125  9:33  Marine  
  125  9:34  Marine, SCV  
  125  9:35  Marine  
  125  9:42  Marine  
  125  9:44  Barracks Reactor  
  125  9:51  Siege Tank, SCV x2, Medivac  
  125  9:52  Supply Depot  
  132  9:53  Supply Depot  
  132  9:54  Supply Depot  
  132  9:56  Marine, Supply Depot  
  132  9:57  SCV, Factory  
  133  10:05  Supply Depot  
  133  10:06  Supply Depot  
  133  10:08  Terran Vehicle And Ship Armor Level 1  
  133  10:13  Marine, SCV x3  
  136  10:24  Thor  
  136  10:25  Marine  
  136  10:26  Marine, SCV  
  136  10:27  Marine x3  
  148  10:28  Marine  
  148  10:30  SCV  
  148  10:34  Sensor Tower  
  148  10:35  Missile Turret  
  150  10:40  SCV  
  150  10:43  Planetary Fortress  
  150  10:45  Barracks, Drilling Claws  
  150  10:46  Factory Reactor  
  150  10:48  SCV  
  150  10:49  Barracks  
  151  10:50  SCV  
  152  10:57  Marine x5  
  152  10:58  Marauder  
  152  11:00  Marine  
  160  11:04  SCV  
  160  11:11  Siege Tank  
  164  11:16  Command Center  
  164  11:18  Medivac x2  
  168  11:22  Supply Depot  
  168  11:24  Marauder, Marine  
  171  11:28  Widow Mine  
  171  11:31  Widow Mine  
  168  11:43  Refinery x2  
  168  11:44  Marine  
  168  11:46  Barracks Tech Lab  
  166  11:48  Medivac x2  
  166  11:50  Widow Mine  
  166  11:52  Barracks Tech Lab  
  166  11:53  Marine x5  
  176  11:57  Marine x3  
  179  12:02  Marine  
  179  12:06  Marauder  
  182  12:11  Marine x4  
  182  12:14  Marauder, Marine  
  182  12:15  Marine x3  
  189  12:20  Marine  
  193  12:27  Marine  
Show
View Real Time Build Order
Export as new Build Order

Bly Zerg 

Build Orders: Hatch First, Muta Ling Bane 

Get SALT Encoding   

  12  0:01  Drone  
  13  0:13  Overlord  
  13  0:17  Drone  
  14  0:31  Drone x2  
  16  0:48  Hatchery  
  15  0:50  Drone  
  15  0:55  Drone  
  17  0:58  Drone  
  18  1:09  Extractor  
  17  1:13  Spawning Pool  
  17  1:16  Drone  
  17  1:20  Drone  
  18  1:28  Drone  
  19  1:39  Drone  
  20  1:52  Overlord  
  20  2:00  Queen x2  
  24  2:01  Zergling x4  
  26  2:12  Drone x2  
  26  2:15  Metabolic Boost  
  28  2:27  Drone  
  28  2:28  Drone  
  28  2:29  Extractor  
  29  2:33  Drone  
  29  2:36  Queen, Overlord  
  32  2:46  Zergling x2  
  32  2:47  Drone  
  34  3:00  Drone x2  
  36  3:06  Lair  
  33  3:13  Drone x2  
  33  3:14  Spore Crawler  
  33  3:18  Drone x2  
  33  3:19  Drone x3  
  39  3:24  Roach Warren  
  39  3:28  Drone x2  
  39  3:30  Extractor  
  40  3:36  Zergling x2  
  40  3:37  Zergling x2  
  40  3:41  Zergling x2  
  42  3:50  Extractor  
  42  3:53  Drone x2  
  42  3:54  Drone  
  44  4:00  Hatchery  
  44  4:02  Overlord  
  43  4:11  Drone  
  43  4:13  Extractor, Spire  
  42  4:22  Drone  
  42  4:23  Drone  
  44  4:35  Overlord x2  
  44  4:42  Overlord  
  43  5:00  Drone x3  
  43  5:01  Drone x9  
  55  5:17  Overlord x2  
  52  5:31  Mutalisk x4  
  62  5:41  Mutalisk x2  
  59  5:49  Mutalisk  
  51  5:57  Drone x4  
  51  6:01  Drone  
  56  6:08  Zerg Flyer Weapons Level 1  
  56  6:10  Drone  
  57  6:14  Drone  
  58  6:27  Drone x6  
  64  6:42  Overlord  
  64  6:47  Glial Reconstitution  
  64  6:53  Roach x7  
  78  6:54  Evolution Chamber  
  77  7:05  Roach x4  
  77  7:06  Overlord  
  73  7:30  Drone x14  
  85  7:40  Zerg Ground Armor Level 1  
  85  7:45  Mutalisk x2  
  85  7:49  Drone x4  
  89  8:00  Drone x3  
  90  8:07  Roach x3  
  90  8:08  Overlord  
  96  8:17  Queen  
  96  8:18  Extractor  
  97  8:26  Drone, Queen, Evolution Chamber  
  99  8:27  Overlord  
  99  8:29  Baneling Nest  
  98  8:36  Drone x3  
  101  8:43  Roach x2  
  101  8:44  Overlord x5  
  105  9:00  Drone x2, Zerg Melee Weapons Level 1  
  105  9:01  Drone x2  
  105  9:02  Drone x2  
  111  9:04  Drone x4  
  115  9:12  Drone x4  
  115  9:16  Hatchery  
  118  9:20  Centrifical Hooks  
  108  9:36  Overlord  
  108  9:41  Hatchery  
  107  9:46  Roach x7  
  107  9:50  Roach x3  
  127  9:56  Zerg Ground Armor Level 2  
  127  10:01  Zergling x6  
  128  10:23  Hatchery  
  128  10:25  Burrow  
  127  10:38  Mutalisk x4  
  127  10:39  Mutalisk x3  
  140  10:43  Baneling x4  
  140  10:51  Queen  
  140  10:52  Queen  
  140  10:56  Overlord  
  144  11:05  Overlord x2  
  144  11:09  Ravager x8  
  152  11:16  Zergling x2  
  152  11:17  Zergling x6  
  156  11:23  Zergling x8  
  157  11:43  Baneling x8  
  157  11:51  Zergling x2  
  159  11:55  Baneling x4  
  158  12:01  Zergling x10  
  158  12:02  Zergling x12, Hatchery  
  158  12:04  Baneling x3  
  166  12:13  Zergling x16  
  172  12:22  Zergling x6  
Tags
 
Add a new tag
Caveats
  • Supply blocks, unpowered buildings, or Contaminate may cause inaccurate times.
  • Supply counts are checked every 10 seconds.